2371 views
Uploaded 2024-11-09 04:18:19
Game version 1.36 (6115)
31:23 long 3on3 ladder game on (6)ThunderLake_LV
Saved by GIGA
2371 views
Uploaded 2024-11-09 04:18:19
Game version 1.36 (6115)
31:23 long 3on3 ladder game on (6)ThunderLake_LV


113 units @ 15.2k
/ 1.8k
98 buildings @ 12k
/ 5.6k

| Peon | 3 | 225 | / | 0 |
| Wind Rider | 10 | 2650 | / | 400 |
| total: | 13 | 2875g | / | 400w |
| Watch Tower | 2 | 220 | / | 160 |
| Orc Burrow | 4 | 640 | / | 160 |
| Altar of Storms | 3 | 540 | / | 150 |
| War Mill | 1 | 205 | / | 0 |
| Great Hall | 3 | 1155 | / | 555 |
| Beastiary | 1 | 145 | / | 140 |
| Stronghold | 1 | 315 | / | 190 |
| total: | 14 | 2905g | / | 1165w |
| 0:05 | Orc Burrow |
| 0:06 | Peon |
| 0:06 | Peon |
| 0:16 | Altar of Storms |
| 0:43 | Peon |
| 1:33 | Stronghold |
| 1:58 | Orc Burrow |
| 2:22 | Feral Spirit |
| 3:05 | War Mill |
| 3:55 | Beastiary |
| 4:19 | Chain Lighting |
| 5:00 | Wind Rider |
| 5:00 | Wind Rider |
| 5:04 | Watch Tower |
| 6:06 | Wind Rider |
| 6:44 | Wind Rider |
| 8:40 | Wind Rider |
| 9:56 | Orc Burrow |
| 10:37 | Chain Lighting |
| 11:03 | Wind Rider |
| 11:03 | Wind Rider |
| 12:48 | Wind Rider |
| 12:48 | Wind Rider |
| 12:53 | Orc Burrow |
| 13:07 | Steel Ranged Weapons |
| 13:08 | Steel Armor |
| 14:22 | Spiked Barricades |
| 14:51 | Thorium Ranged Weapons |
| 14:56 | Watch Tower |
| 14:58 | Wind Rider |
| 16:07 | Feral Spirit |
| 16:17 | Thorium Armor |
| 18:38 | Great Hall |
| 22:18 | Great Hall |
| 24:56 | Altar of Storms |
| 25:30 | Great Hall |
| 27:03 | Altar of Storms |
| Right click | 904 |
| Select | 235 |
| Build/train/purchase | 38 |
| Use ability | 20 |
| Minimap ping | 5 |


| Scroll of Healing | 1 | 250 |
| Scroll of Protection | 1 | 150 |
| Potion of Lesser Invulnerability | 1 | 150 |
| total: | 3 | 550g |
| Wisp | 25 | 1500 | / | 0 |
| Archer | 20 | 2600 | / | 200 |
| Chimaera | 7 | 2310 | / | 490 |
| total: | 52 | 6410g | / | 690w |
| Altar of Elders | 2 | 360 | / | 100 |
| Moon Well | 9 | 1620 | / | 360 |
| Ancient of War | 2 | 300 | / | 120 |
| Hunter's Hall | 1 | 210 | / | 100 |
| Tree of Life | 4 | 1360 | / | 740 |
| Ancient of Wonders | 1 | 90 | / | 30 |
| Ancient of Wind | 1 | 150 | / | 140 |
| Chimaera Roost | 3 | 420 | / | 570 |
| Tree of Ages | 1 | 320 | / | 180 |
| Tree of Eternity | 1 | 330 | / | 200 |
| total: | 23 | 4510g | / | 2160w |
| 0:02 | Wisp |
| 0:04 | Altar of Elders |
| 0:06 | Wisp |
| 0:17 | Moon Well |
| 0:18 | Wisp |
| 0:31 | Wisp |
| 0:49 | Wisp |
| 1:00 | Wisp |
| 1:15 | Ancient of War |
| 1:17 | Wisp |
| 1:29 | Moon Well |
| 1:31 | Wisp |
| 1:47 | Wisp |
| 2:04 | Immolation |
| 2:18 | Wisp |
| 2:22 | Archer |
| 2:22 | Archer |
| 2:36 | Tree of Ages |
| 2:54 | Archer |
| 3:01 | Hunter's Hall |
| 3:24 | Archer |
| 3:53 | Archer |
| 3:56 | Moon Well |
| 4:17 | Ancient of War |
| 4:55 | Tree of Life |
| 5:00 | Archer |
| 5:00 | Improved Bows |
| 5:10 | Evasion |
| 5:14 | Wisp |
| 5:19 | Moon Well |
| 5:40 | Wisp |
| 5:42 | Wisp |
| 5:51 | Ancient of Wonders |
| 6:32 | Archer |
| 6:32 | Archer |
| 6:32 | Archer |
| 6:47 | Evasion |
| 6:54 | Archer |
| 7:02 | Wisp |
| 7:02 | Wisp |
| 7:59 | Wisp |
| 8:19 | Tree of Eternity |
| 8:39 | Ancient of Wind |
| 8:40 | Strength of the Wild |
| 8:41 | Reinforced Hides |
| 8:51 | Moon Well |
| 8:54 | Wisp |
| 8:54 | Wisp |
| 9:17 | Trueshot Aura |
| 9:46 | Wisp |
| 9:46 | Wisp |
| 9:51 | Moon Well |
| 10:48 | Chimaera Roost |
| 10:48 | Chimaera Roost |
| 10:49 | Chimaera Roost |
| 10:52 | Wisp |
| 10:52 | Wisp |
| 10:52 | Wisp |
| 10:58 | Marksmanship |
| 11:02 | Wisp |
| 11:02 | Wisp |
| 11:05 | Searing Arrows |
| 12:20 | Corrosive Breath |
| 12:21 | Chimaera |
| 12:21 | Chimaera |
| 12:46 | Moon Well |
| 12:48 | Moon Well |
| 13:06 | Moon Well |
| 13:17 | Chimaera |
| 13:17 | Chimaera |
| 14:07 | Chimaera |
| 14:23 | Improved Strength of the Wild |
| 15:09 | Tree of Life |
| 15:12 | Immolation |
| 15:26 | Improved Reinforced Hides |
| 16:06 | Trueshot Aura |
| 16:51 | Scroll of Protection |
| 16:51 | Scroll of Healing |
| 16:53 | Potion of Lesser Invulnerability |
| 17:03 | Advanced Strength of the Wild |
| 18:57 | Chimaera |
| 19:19 | Archer |
| 19:54 | Archer |
| 20:14 | Tree of Life |
| 20:28 | Archer |
| 20:28 | Archer |
| 20:50 | Archer |
| 22:17 | Tree of Life |
| 23:28 | Archer |
| 24:16 | Archer |
| 24:16 | Archer |
| 24:28 | Strength of the Moon |
| 24:28 | Improved Strength of the Moon |
| 24:54 | Moon Armor |
| 26:56 | Altar of Elders |
| 27:47 | Archer |
| 27:48 | Archer |
| 27:50 | Chimaera |
| Right click | 1353 |
| Select group | 1075 |
| Select | 432 |
| Build/train/purchase | 102 |
| Misc. action | 93 |
| Assign group | 31 |
| Use ability | 15 |
| Minimap ping | 7 |
| Chat | 4 |
| Item give/drop | 1 |



| Scroll of Regeneration | 6 | 600 |
| Potion of Healing | 3 | 450 |
| Staff of Sanctuary | 2 | 500 |
| Lesser Clarity Potion | 1 | 70 |
| total: | 12 | 1620g |
| Peasant | 23 | 1725 | / | 0 |
| Footman | 11 | 1485 | / | 0 |
| Mortar Team | 8 | 1440 | / | 560 |
| Rifleman | 6 | 1230 | / | 180 |
| total: | 48 | 5880g | / | 740w |
| Scout Tower | 33 | 990 | / | 660 |
| Arcane Tower | 3 | 210 | / | 150 |
| Guard Tower | 14 | 980 | / | 700 |
| Altar of Kings | 1 | 180 | / | 50 |
| Farm | 14 | 1120 | / | 280 |
| Barracks | 2 | 320 | / | 120 |
| Lumber Mill | 1 | 120 | / | 0 |
| Arcane Vault | 2 | 260 | / | 60 |
| Town Hall | 2 | 770 | / | 410 |
| Blacksmith | 2 | 280 | / | 120 |
| Workshop | 2 | 280 | / | 280 |
| Arcane Sanctum | 2 | 300 | / | 280 |
| Keep | 2 | 640 | / | 420 |
| Castle | 1 | 360 | / | 210 |
| total: | 61 | 4620g | / | 2260w |
| 0:01 | Peasant |
| 0:01 | Peasant |
| 0:08 | Altar of Kings |
| 0:19 | Farm |
| 0:21 | Barracks |
| 0:23 | Peasant |
| 0:24 | Peasant |
| 0:44 | Peasant |
| 0:44 | Peasant |
| 0:48 | Farm |
| 0:51 | Peasant |
| 0:51 | Peasant |
| 1:06 | Peasant |
| 1:06 | Peasant |
| 1:24 | Footman |
| 1:24 | Footman |
| 1:29 | Farm |
| 1:34 | Peasant |
| 1:38 | Scout Tower |
| 1:42 | Peasant |
| 1:48 | Footman |
| 1:48 | Footman |
| 1:55 | Peasant |
| 1:55 | Peasant |
| 2:11 | Farm |
| 2:12 | Arcane Tower |
| 2:26 | Peasant |
| 2:36 | Footman |
| 2:39 | Peasant |
| 2:52 | Farm |
| 3:00 | Storm Bolt |
| 3:02 | Footman |
| 3:22 | Lumber Mill |
| 3:41 | Arcane Vault |
| 3:43 | Peasant |
| 3:58 | Bash |
| 4:13 | Farm |
| 4:14 | Defend |
| 4:24 | Peasant |
| 4:39 | Town Hall |
| 4:42 | Scout Tower |
| 4:43 | Scout Tower |
| 4:46 | Scout Tower |
| 4:57 | Scroll of Regeneration |
| 5:11 | Arcane Tower |
| 5:11 | Guard Tower |
| 5:16 | Peasant |
| 5:25 | Farm |
| 5:32 | Peasant |
| 5:40 | Guard Tower |
| 5:58 | Storm Bolt |
| 6:02 | Footman |
| 6:07 | Arcane Vault |
| 6:15 | Scout Tower |
| 6:33 | Barracks |
| 6:36 | Peasant |
| 6:50 | Arcane Tower |
| 6:52 | Footman |
| 7:10 | Keep |
| 8:02 | Footman |
| 8:09 | Footman |
| 8:10 | Footman |
| 8:38 | Scout Tower |
| 8:40 | Improved Lumber Harvesting |
| 9:38 | Guard Tower |
| 9:40 | Scout Tower |
| 9:42 | Castle |
| 10:09 | Guard Tower |
| 10:11 | Scout Tower |
| 10:25 | Blacksmith |
| 10:27 | Farm |
| 10:28 | Farm |
| 10:29 | Farm |
| 10:34 | Scroll of Regeneration |
| 10:34 | Scroll of Regeneration |
| 10:35 | Potion of Healing |
| 10:35 | Potion of Healing |
| 11:08 | Guard Tower |
| 11:09 | Advanced Lumber Harvesting |
| 11:10 | Siphon Mana |
| 11:39 | Scout Tower |
| 11:53 | Workshop |
| 11:55 | Workshop |
| 12:27 | Guard Tower |
| 12:30 | Scout Tower |
| 13:03 | Guard Tower |
| 13:06 | Sundering Blades |
| 13:06 | Animal War Training |
| 13:47 | Bash |
| 14:03 | Potion of Healing |
| 14:04 | Staff of Sanctuary |
| 14:07 | Holy Light |
| 14:19 | Staff of Sanctuary |
| 14:31 | Farm |
| 14:46 | Arcane Sanctum |
| 14:55 | Arcane Sanctum |
| 14:57 | Peasant |
| 14:57 | Peasant |
| 15:08 | Iron Forged Swords |
| 15:08 | Iron Plating |
| 15:08 | Steel Plating |
| 16:16 | Flame Strike |
| 16:29 | Mortar Team |
| 16:29 | Fragmentation Shards |
| 16:30 | Flare |
| 16:36 | Farm |
| 16:39 | Blacksmith |
| 16:41 | Farm |
| 16:42 | Farm |
| 16:44 | Scout Tower |
| 16:47 | Magic Sentry |
| 16:50 | Scout Tower |
| 17:06 | Mortar Team |
| 17:43 | Guard Tower |
| 17:44 | Improved Masonry |
| 17:48 | Mortar Team |
| 18:01 | Scroll of Regeneration |
| 18:01 | Scroll of Regeneration |
| 18:18 | Mortar Team |
| 18:19 | Divine Shield |
| 18:21 | Scout Tower |
| 18:24 | Scout Tower |
| 18:26 | Scout Tower |
| 18:28 | Scout Tower |
| 18:31 | Scout Tower |
| 18:47 | Scout Tower |
| 18:51 | Scout Tower |
| 18:53 | Guard Tower |
| 18:55 | Advanced Masonry |
| 19:06 | Guard Tower |
| 19:10 | Black Gunpowder |
| 19:10 | Studded Leather Armor |
| 19:12 | Steel Forged Swords |
| 19:12 | Mithril Plating |
| 21:17 | Mortar Team |
| 21:17 | Mortar Team |
| 21:17 | Mortar Team |
| 21:17 | Mortar Team |
| 22:00 | Guard Tower |
| 23:25 | Refined Gunpowder |
| 23:25 | Reinforced Leather Armor |
| 23:37 | Rifleman |
| 23:40 | Scroll of Regeneration |
| 23:44 | Lesser Clarity Potion |
| 24:02 | Rifleman |
| 24:05 | Imbued Masonry |
| 24:12 | Rifleman |
| 24:14 | Long Rifles |
| 24:44 | Rifleman |
| 24:48 | Flame Strike |
| 25:25 | Rifleman |
| 25:40 | Imbued Gunpowder |
| 26:16 | Rifleman |
| 28:11 | Storm Bolt |
| 29:26 | Town Hall |
| 29:28 | Scout Tower |
| 29:30 | Scout Tower |
| 29:31 | Scout Tower |
| 29:33 | Scout Tower |
| 29:35 | Scout Tower |
| 29:38 | Scout Tower |
| 29:38 | Scout Tower |
| 29:39 | Scout Tower |
| 29:42 | Scout Tower |
| 29:44 | Scout Tower |
| 29:45 | Scout Tower |
| 29:46 | Scout Tower |
| 29:46 | Scout Tower |
| 29:47 | Scout Tower |
| Select group | 1026 |
| Select | 745 |
| Right click | 623 |
| Misc. action | 404 |
| Build/train/purchase | 170 |
| Use ability | 70 |
| Assign group | 53 |
| Item give/drop | 15 |
| Minimap ping | 13 |
| Esc | 4 |
100 units @ 8.6k
/ 0.8k
118 buildings @ 9.4k
/ 4.1k


| Peasant | 19 | 1425 | / | 0 |
| Mortar Team | 2 | 360 | / | 140 |
| Flying Machine | 20 | 2000 | / | 600 |
| total: | 41 | 3785g | / | 740w |
| Scout Tower | 19 | 570 | / | 380 |
| Arcane Tower | 1 | 70 | / | 50 |
| Guard Tower | 9 | 630 | / | 450 |
| Altar of Kings | 1 | 180 | / | 50 |
| Lumber Mill | 1 | 120 | / | 0 |
| Farm | 15 | 1200 | / | 300 |
| Town Hall | 1 | 385 | / | 205 |
| Blacksmith | 1 | 140 | / | 60 |
| Arcane Vault | 1 | 130 | / | 30 |
| Workshop | 3 | 420 | / | 420 |
| Keep | 1 | 320 | / | 210 |
| Castle | 1 | 360 | / | 210 |
| total: | 42 | 3145g | / | 1445w |
| 0:02 | Peasant |
| 0:05 | Altar of Kings |
| 0:17 | Peasant |
| 0:18 | Lumber Mill |
| 0:20 | Peasant |
| 0:33 | Farm |
| 0:35 | Peasant |
| 0:55 | Peasant |
| 1:01 | Farm |
| 1:17 | Peasant |
| 1:20 | Improved Lumber Harvesting |
| 1:25 | Peasant |
| 1:34 | Farm |
| 1:45 | Peasant |
| 1:51 | Scout Tower |
| 1:52 | Scout Tower |
| 1:57 | Peasant |
| 2:16 | Peasant |
| 2:25 | Arcane Tower |
| 2:26 | Peasant |
| 2:29 | Improved Masonry |
| 2:51 | Storm Bolt |
| 3:29 | Peasant |
| 3:35 | Town Hall |
| 3:39 | Scout Tower |
| 3:40 | Scout Tower |
| 3:49 | Scout Tower |
| 3:50 | Scout Tower |
| 3:51 | Peasant |
| 3:54 | Peasant |
| 4:37 | Guard Tower |
| 4:39 | Scout Tower |
| 4:39 | Scout Tower |
| 4:48 | Guard Tower |
| 4:55 | Peasant |
| 5:02 | Peasant |
| 5:04 | Peasant |
| 5:07 | Guard Tower |
| 5:09 | Scout Tower |
| 5:09 | Scout Tower |
| 5:10 | Scout Tower |
| 5:33 | Keep |
| 5:39 | Peasant |
| 5:52 | Guard Tower |
| 5:54 | Scout Tower |
| 5:55 | Scout Tower |
| 6:01 | Guard Tower |
| 6:50 | Guard Tower |
| 6:59 | Blacksmith |
| 7:02 | Scout Tower |
| 7:02 | Scout Tower |
| 7:06 | Peasant |
| 7:21 | Scout Tower |
| 7:23 | Scout Tower |
| 7:48 | Bash |
| 7:55 | Bash |
| 8:08 | Holy Light |
| 8:30 | Castle |
| 8:33 | Workshop |
| 8:36 | Workshop |
| 8:36 | Workshop |
| 8:38 | Guard Tower |
| 9:09 | Guard Tower |
| 9:36 | Scout Tower |
| 9:37 | Scout Tower |
| 9:49 | Holy Light |
| 9:56 | Flak Cannons |
| 9:56 | Flare |
| 9:57 | Mortar Team |
| 10:12 | Black Gunpowder |
| 10:13 | Iron Plating |
| 10:32 | Guard Tower |
| 11:00 | Farm |
| 11:01 | Farm |
| 11:03 | Farm |
| 11:08 | Farm |
| 11:11 | Flying Machine Bombs |
| 11:12 | Fragmentation Shards |
| 11:16 | Flying Machine |
| 11:16 | Flying Machine |
| 11:17 | Flying Machine |
| 11:17 | Flying Machine |
| 11:17 | Flying Machine |
| 11:44 | Advanced Masonry |
| 12:20 | Arcane Vault |
| 12:36 | Flying Machine |
| 12:37 | Flying Machine |
| 12:46 | Flying Machine |
| 12:47 | Flying Machine |
| 12:47 | Flying Machine |
| 12:47 | Flying Machine |
| 12:47 | Flying Machine |
| 12:47 | Flying Machine |
| 12:48 | Flying Machine |
| 13:04 | Flying Machine |
| 13:07 | Refined Gunpowder |
| 13:28 | Imbued Masonry |
| 14:09 | Farm |
| 14:12 | Farm |
| 14:15 | Farm |
| 14:17 | Farm |
| 14:45 | Farm |
| 14:46 | Farm |
| 14:55 | Farm |
| 14:56 | Farm |
| 15:10 | Imbued Gunpowder |
| 15:36 | Flying Machine |
| 15:54 | Flying Machine |
| 15:58 | Flying Machine |
| 16:53 | Steel Plating |
| 17:31 | Flying Machine |
| 17:31 | Flying Machine |
| 19:25 | Divine Shield |
| 19:26 | Divine Shield |
| 19:37 | Mortar Team |
| 22:01 | Holy Light |
| 22:41 | Storm Bolt |
| 24:39 | Storm Bolt |
| 24:39 | Bash |
| 24:42 | Bash |
| 28:50 | Divine Shield |
| Right click | 1369 |
| Select group | 392 |
| Select | 342 |
| Build/train/purchase | 110 |
| Use ability | 79 |
| Misc. action | 16 |
| Assign group | 15 |
| Minimap ping | 12 |
| Remove unit | 9 |
| Resource trade | 6 |
| Esc | 1 |
GIGA
(207)
(31:13) : 
| Healing Salve | 2 | 200 |
| Lesser Clarity Potion | 4 | 280 |
| Orb of Lightning | 1 | 375 |
| Tiny Great Hall | 3 | 1800 |
| Potion of Mana | 2 | 400 |
| Scroll of Town Portal | 1 | 350 |
| Boots of Speed | 1 | 250 |
| Staff of Teleportation | 1 | 150 |
| Circlet of Nobility | 1 | 175 |
| Khadgar's Gem of Health | 2 | 1200 |
| Potion of Greater Mana | 1 | 400 |
| Amulet of Spell Shield | 1 | 600 |
| Pendant of Mana | 1 | 600 |
| total: | 21 | 6780g |
| Peon | 34 | 2550 | / | 0 |
| Grunt | 1 | 200 | / | 0 |
| Troll Witch Doctor | 4 | 580 | / | 100 |
| total: | 39 | 3330g | / | 100w |
| Watch Tower | 8 | 880 | / | 640 |
| Altar of Storms | 2 | 360 | / | 100 |
| Orc Burrow | 5 | 800 | / | 200 |
| Voodoo Lounge | 2 | 260 | / | 60 |
| Barracks | 1 | 180 | / | 50 |
| War Mill | 2 | 410 | / | 0 |
| Great Hall | 1 | 385 | / | 185 |
| Spirit Lodge | 1 | 150 | / | 150 |
| Stronghold | 1 | 315 | / | 190 |
| Fortress | 1 | 325 | / | 190 |
| total: | 22 | 3425g | / | 1385w |
| 0:03 | Peon |
| 0:03 | Peon |
| 0:10 | Peon |
| 0:19 | Altar of Storms |
| 0:23 | Orc Burrow |
| 0:27 | Peon |
| 0:43 | Peon |
| 1:03 | Voodoo Lounge |
| 1:08 | Peon |
| 1:15 | Peon |
| 1:17 | Peon |
| 1:25 | Orc Burrow |
| 1:43 | Barracks |
| 1:53 | Peon |
| 2:06 | Peon |
| 2:21 | Peon |
| 2:24 | Healing Salve |
| 2:25 | Lesser Clarity Potion |
| 2:28 | Wind Walk |
| 2:39 | Backpack |
| 2:51 | Grunt |
| 3:02 | War Mill |
| 3:22 | Peon |
| 3:22 | Peon |
| 4:01 | Peon |
| 5:14 | Critical Strike |
| 5:28 | Great Hall |
| 5:30 | Voodoo Lounge |
| 6:09 | Watch Tower |
| 6:10 | Watch Tower |
| 6:13 | Watch Tower |
| 6:14 | Spiked Barricades |
| 6:48 | Wind Walk |
| 8:31 | Stronghold |
| 9:39 | Watch Tower |
| 9:39 | Watch Tower |
| 9:40 | Watch Tower |
| 9:41 | Watch Tower |
| 9:41 | Watch Tower |
| 10:15 | Boots of Speed |
| 10:16 | Staff of Teleportation |
| 10:43 | Circlet of Nobility |
| 10:54 | Fortress |
| 10:56 | Spirit Lodge |
| 12:31 | Scroll of Town Portal |
| 12:55 | Healing Salve |
| 13:00 | Lesser Clarity Potion |
| 13:25 | Orb of Lightning |
| 14:58 | Lesser Clarity Potion |
| 15:15 | Witch Doctor Adept Training |
| 15:17 | Orc Burrow |
| 15:40 | Critical Strike |
| 16:31 | Critical Strike |
| 16:52 | Tiny Great Hall |
| 17:30 | Peon |
| 17:30 | Peon |
| 17:31 | Peon |
| 17:31 | Peon |
| 17:31 | Peon |
| 18:58 | War Mill |
| 19:18 | Tiny Great Hall |
| 20:13 | Reinforced Defenses |
| 20:14 | Improved Spiked Barricades |
| 20:16 | Witch Doctor Master Training |
| 20:17 | Troll Witch Doctor |
| 20:17 | Troll Witch Doctor |
| 20:17 | Troll Witch Doctor |
| 20:19 | Orc Burrow |
| 20:21 | Orc Burrow |
| 20:24 | Altar of Storms |
| 20:28 | Peon |
| 20:28 | Peon |
| 20:28 | Peon |
| 20:28 | Peon |
| 20:29 | Peon |
| 21:01 | Bladestorm |
| 21:20 | Potion of Mana |
| 22:07 | Holy Light |
| 23:02 | Peon |
| 23:11 | Troll Witch Doctor |
| 23:23 | Tiny Great Hall |
| 24:14 | Peon |
| 24:14 | Peon |
| 24:15 | Peon |
| 24:37 | Peon |
| 24:37 | Peon |
| 24:37 | Peon |
| 24:37 | Peon |
| 24:39 | Peon |
| 25:22 | Khadgar's Gem of Health |
| 25:32 | Potion of Greater Mana |
| 26:08 | Wind Walk |
| 27:49 | Peon |
| 28:10 | Amulet of Spell Shield |
| 28:53 | Khadgar's Gem of Health |
| 28:55 | Pendant of Mana |
| 29:10 | Potion of Mana |
| 29:14 | Lesser Clarity Potion |
| 30:22 | Mirror Image |
| Right click | 1758 |
| Select | 300 |
| Build/train/purchase | 141 |
| Resource trade | 46 |
| Select group | 25 |
| Use ability | 24 |
| Item give/drop | 17 |
| Minimap ping | 16 |
| Esc | 4 |
| Chat | 4 |
| Misc. action | 3 |
| Assign group | 2 |



| Peasant | 20 | 1500 | / | 0 |
| total: | 20 | 1500g | / | 0w |
| Scout Tower | 42 | 1260 | / | 840 |
| Arcane Tower | 5 | 350 | / | 250 |
| Guard Tower | 19 | 1330 | / | 950 |
| Altar of Kings | 2 | 360 | / | 100 |
| Farm | 6 | 480 | / | 120 |
| Lumber Mill | 3 | 360 | / | 0 |
| Town Hall | 1 | 385 | / | 205 |
| Keep | 2 | 640 | / | 420 |
| Castle | 1 | 360 | / | 210 |
| total: | 54 | 2845g | / | 1265w |
| 0:03 | Altar of Kings |
| 0:07 | Farm |
| 0:09 | Farm |
| 0:10 | Peasant |
| 0:12 | Peasant |
| 0:26 | Peasant |
| 0:39 | Lumber Mill |
| 0:40 | Peasant |
| 0:58 | Peasant |
| 1:12 | Farm |
| 1:18 | Scout Tower |
| 1:20 | Peasant |
| 1:30 | Peasant |
| 1:45 | Arcane Tower |
| 1:50 | Farm |
| 1:53 | Peasant |
| 2:01 | Peasant |
| 2:12 | Storm Bolt |
| 2:23 | Scout Tower |
| 2:24 | Scout Tower |
| 2:28 | Peasant |
| 2:28 | Peasant |
| 2:31 | Improved Lumber Harvesting |
| 2:31 | Improved Masonry |
| 3:03 | Peasant |
| 3:03 | Peasant |
| 3:13 | Scout Tower |
| 3:22 | Guard Tower |
| 3:27 | Scout Tower |
| 3:29 | Scout Tower |
| 3:29 | Scout Tower |
| 3:39 | Peasant |
| 3:39 | Peasant |
| 3:39 | Peasant |
| 3:46 | Guard Tower |
| 3:57 | Guard Tower |
| 3:59 | Guard Tower |
| 4:02 | Scout Tower |
| 4:05 | Scout Tower |
| 4:16 | Scout Tower |
| 4:25 | Guard Tower |
| 4:31 | Keep |
| 4:43 | Guard Tower |
| 4:52 | Guard Tower |
| 5:02 | Scout Tower |
| 5:05 | Scout Tower |
| 5:17 | Scout Tower |
| 5:18 | Guard Tower |
| 5:35 | Scout Tower |
| 5:40 | Scout Tower |
| 5:46 | Guard Tower |
| 6:02 | Guard Tower |
| 6:57 | Scout Tower |
| 6:59 | Scout Tower |
| 7:03 | Peasant |
| 7:03 | Peasant |
| 7:03 | Peasant |
| 7:03 | Peasant |
| 7:14 | Guard Tower |
| 7:57 | Advanced Masonry |
| 8:12 | Holy Light |
| 9:19 | Lumber Mill |
| 9:25 | Lumber Mill |
| 9:36 | Arcane Tower |
| 10:09 | Town Hall |
| 10:15 | Scout Tower |
| 11:03 | Guard Tower |
| 11:05 | Scout Tower |
| 13:53 | Scout Tower |
| 13:53 | Scout Tower |
| 13:54 | Scout Tower |
| 13:54 | Scout Tower |
| 14:00 | Scout Tower |
| 14:00 | Scout Tower |
| 14:02 | Scout Tower |
| 14:02 | Scout Tower |
| 14:32 | Guard Tower |
| 15:01 | Scout Tower |
| 15:03 | Guard Tower |
| 15:07 | Scout Tower |
| 15:11 | Guard Tower |
| 16:06 | Arcane Tower |
| 16:09 | Scout Tower |
| 16:09 | Scout Tower |
| 16:15 | Scout Tower |
| 16:16 | Scout Tower |
| 16:20 | Scout Tower |
| 16:21 | Scout Tower |
| 16:21 | Scout Tower |
| 16:24 | Arcane Tower |
| 16:44 | Arcane Tower |
| 16:49 | Keep |
| 19:09 | Imbued Masonry |
| 20:18 | Altar of Kings |
| 20:46 | Guard Tower |
| 20:50 | Scout Tower |
| 20:50 | Scout Tower |
| 20:51 | Scout Tower |
| 21:21 | Guard Tower |
| 22:19 | Guard Tower |
| 22:23 | Scout Tower |
| 22:24 | Scout Tower |
| 22:25 | Scout Tower |
| 22:39 | Farm |
| 22:42 | Farm |
| 23:40 | Guard Tower |
| 24:02 | Castle |
| 28:56 | Brilliance Aura |
| Right click | 900 |
| Select group | 772 |
| Select | 257 |
| Build/train/purchase | 66 |
| Resource trade | 13 |
| Assign group | 7 |
| Misc. action | 4 |
| Chat | 4 |
| Esc | 3 |
| Use ability | 1 |
⇛